 Dungeon Crawl Stone Soup version 0.17-a0-129-g9432df0 (webtiles) character file.

769 PolkaDot the Jinx (level 7, -2/46 HPs)
             Began as a Vampire Enchanter on Mar 24, 2015.
             Slain by Prince Ribbit (18 damage)
             ... on level 5 of the Dungeon.
             The game lasted 00:18:18 (5769 turns).

PolkaDot the Jinx (Vampire Enchanter)               Turns: 5769, Time: 00:18:18

Health: -2/46      AC:  5    Str:  7    XL:     7   Next: 52%
Magic:  6/13       EV: 12    Int: 24    God:
Gold:   303        SH:  0    Dex: 14    Spells: 3 memorised, 4 levels left

rFire  . . .     SeeInvis +     a - +2 dagger
rCold  + + .     Clarity  +     b - +2 robe
rNeg   + + +     SustAb   .     (no shield)
rPois  +         Gourm    .     (no helmet)
rElec  .         Spirit   .     l - +0 cloak
rCorr  .         Warding  .     (no gloves)
rMut   .         Stasis   .     (no boots)
MR     +....                    (no amulet)
Stlth  ++++......               (no ring)
                                (no ring)

@: brilliant, marked, regenerating slowly, somewhat resistant to hostile
enchantments, stealthy
A: bottle blood, fangs 3, talons 1, see invisible, clarity, high mp 1, magic
resistance 1, unbreathing
a: Bat Form


You were on level 5 of the Dungeon.
You were near bloodless.

You visited 1 branch of the dungeon, and saw 5 of its levels.
You also visited: Sewer.

You collected 303 gold pieces.

Inventory:

Hand weapons
 a - a +2 dagger (weapon)
Armour
 b - a +2 robe (worn)
 l - a +0 cloak (worn)
Scrolls
 e - 5 scrolls of remove curse
 k - a scroll of identify
 n - a scroll of magic mapping
 o - a scroll of fog
 p - a scroll of blinking
 q - 2 scrolls of enchant armour
 r - a scroll of recharging
Potions
 h - 2 potions of restore abilities
Books
 c - a book of Maledictions

   Spells                             Type                      Level
   a - Corona                         Hexes                        1
   b - Ensorcelled Hibernation        Hexes/Ice                    2
   c - Confuse                        Hexes                        3
   d - Dazzling Spray                 Conjuration/Hexes            3
   e - Enslavement                    Hexes                        4
 m - a book of Enchantments

   Spells                             Type                      Level
   a - Tukima's Dance                 Hexes                        3
   b - Cause Fear                     Hexes                        4
   c - Silence                        Hexes/Air                    5
   d - Deflect Missiles               Charms/Air                   6
   e - Haste                          Charms                       6
   f - Discord                        Hexes                        8


   Skills:
 + Level 4.9 Short Blades
 - Level 2.1 Dodging
 + Level 7.5 Stealth
 - Level 2.0 Spellcasting
 * Level 9.0 Hexes
 - Level 2.0 Ice Magic


You had 4 spell levels left.
You knew the following spells:

 Your Spells              Type           Power        Failure   Level  Hunger
a - Corona                Hex            ######.      1%          1    #......
c - Confuse               Hex            ######..     1%          3    ###....
d - Ensorcelled Hibernat  Hex/Ice        #####.       1%          2    ##.....


Dungeon Overview and Level Annotations

Branches:
Dungeon (5/15)
 Temple: D:4-7

Altars:
Elyvilon
Fedhas
Zin

Annotations:
D:5 Prince Ribbit


Innate Abilities, Weirdness & Mutations

You heal slowly.
You can bottle blood from corpses.
You have razor-sharp teeth.
You have supernaturally acute eyesight.
You can survive without breathing.
You have sharp toenails.
You possess an exceptional clarity of mind.
You have an increased reservoir of magic (+10% MP).
You are resistant to hostile enchantments.


Message History

You bite the hobgoblin, and draw its blood!
You feel better.
You hit the hobgoblin!!!
You kill the hobgoblin!
Drink which item? (? for menu, Esc to quit)
You feel clever all of a sudden.
Casting: Ensorcelled Hibernation
Confirm with . or Enter, or press ? or * to list all spells.
Aiming: Ensorcelled Hibernation
Press: ? - help, Shift-Dir - straight line, f - Prince Ribbit
Aim: Prince Ribbit (chance 51%) Prince Ribbit resists with some effort.
Prince Ribbit hits you!
* * * LOW HITPOINT WARNING * * *
A water moccasin comes into view.
Casting: Ensorcelled Hibernation
Confirm with . or Enter, or press ? or * to list all spells.
Aiming: Ensorcelled Hibernation
Press: ? - help, Shift-Dir - straight line, f/p - Prince Ribbit
Aim: Prince Ribbit (chance 51%) Prince Ribbit resists with some effort.
Prince Ribbit hits you!!
You die...

###.##.#### ###.
<#######.##.##.######...
...........[............
S
.##########...........##
.. #.#...#####.###S#
###....># ###.....#.##
.......#.# #...)...F...
#####.(.###S###.###.##
###.@FS.# # #######


You could see Prince Ribbit, a water moccasin and an adder.

Vanquished Creatures
  A water moccasin (D:5)
  2 centaurs
  A big kobold (Sewer)
  A crimson imp (D:5)
  Crazy Yiuf (D:2)
  A giant frog skeleton (D:3)
  2 worker ants (D:4)
  An orc wizard (D:4)
  Natasha (thrice) (D:3)
  A hound zombie (D:5)
  Robin (D:2)
  2 gnolls (D:4)
  5 adders
  A giant mite (D:3)
  4 worms
  3 giant geckos
  2 oozes (D:3)
  8 orcs
  5 bats
  7 hobgoblins
  10 jackals
  16 kobolds
  3 quokkas
  6 giant cockroaches
  3 giant newts
  30 goblins
  16 rats
136 creatures vanquished.

Notes
Turn   | Place    | Note
--------------------------------------------------------------
     0 | D:1      | PolkaDot, the Vampire Enchanter, began the quest for the Orb.
     0 | D:1      | Reached XP level 1. HP: 13/13 MP: 3/3
   112 | D:1      | Reached XP level 2. HP: 19/19 MP: 4/4
   587 | D:1      | Learned a level 2 spell: Ensorcelled Hibernation
   623 | D:2      | Reached skill level 1 in Ice Magic
   854 | D:2      | Found a white marble altar of Elyvilon.
   909 | D:2      | Noticed Robin
   912 | D:2      | Gained mutation: You have an increased reservoir of magic (+10% MP). [potion of beneficial mutation]
   930 | D:2      | Killed Robin
   930 | D:2      | Reached XP level 3. HP: 16/24 MP: 0/6
  1825 | D:2      | Found a blossoming altar of Fedhas.
  1990 | D:2      | Reached skill level 5 in Hexes
  2006 | D:2      | Reached XP level 4. HP: 30/30 MP: 7/7
  2196 | D:2      | Learned a level 3 spell: Confuse
  2242 | D:2      | Reached skill level 5 in Stealth
  2490 | D:2      | Noticed Crazy Yiuf
  2498 | D:2      | Killed Crazy Yiuf
  2719 | D:3      | Found a glowing drain.
  2723 | Sewer    | Entered a sewer
  2725 | Sewer    | Reached XP level 5. HP: 31/35 MP: 9/9
  2771 | Sewer    | Noticed a big kobold
  2784 | Sewer    | Killed a big kobold
  2784 | Sewer    | Reached skill level 6 in Hexes
  2954 | Sewer    | Found a white marble altar of Elyvilon.
  3092 | D:3      | Noticed Natasha
  3103 | D:3      | Killed Natasha
  3254 | D:3      | Reached XP level 6. HP: 28/41 MP: 7/11
  3268 | D:3      | Noticed Natasha
  3272 | D:3      | Killed Natasha
  3272 | D:3      | Reached skill level 7 in Hexes
  3512 | D:3      | Noticed Natasha
  3520 | D:3      | Killed Natasha
  3628 | D:3      | Noticed a centaur
  3633 | D:3      | Killed a centaur
  4337 | D:4      | Found a glowing silver altar of Zin.
  4426 | D:4      | Reached skill level 8 in Hexes
  4674 | D:4      | Gained mutation: You possess an exceptional clarity of mind. [potion of mutation]
  4674 | D:4      | Gained mutation: You have sharp toenails. [potion of mutation]
  4674 | D:4      | Gained mutation: You are resistant to hostile enchantments. [potion of mutation]
  5046 | D:4      | HP: 2/41 [kobold/whip[the player character] (1)]
  5202 | D:5      | Entered Level 5 of the Dungeon
  5296 | D:4      | Reached XP level 7. HP: 15/46 MP: 10/13
  5698 | D:5      | Noticed a water moccasin
  5701 | D:5      | Killed a water moccasin
  5757 | D:5      | Noticed Prince Ribbit
  5759 | D:5      | Reached skill level 9 in Hexes
  5769 | D:5      | Noticed a water moccasin
  5769 | D:5      | Slain by Prince Ribbit

Action                   |  1- 3 |  4- 6 |  7- 9 || total
-------------------------+-------+-------+-------++-------
Melee: Dagger            |   133 |   264 |    19 ||   416
 Cast: Ensorcelled Hiber |    16 |    58 |     7 ||    81
       Confuse           |       |     6 |     1 ||     7
       Corona            |       |     2 |       ||     2
 Abil: End Transformatio |       |     1 |       ||     1
       Bat Form          |       |     1 |       ||     1
  Use: Potion            |     6 |    10 |     1 ||    17
       Scroll            |     1 |     5 |     2 ||     8
 Stab: Sleeping          |    18 |    40 |     6 ||    64
       Confused          |       |     2 |     1 ||     3
       Invisible         |       |     1 |       ||     1
  Eat: Corpse            |       |     1 |     1 ||     2
